AoeStats
← miguelon01

Fortress

509633154Analyzed
4v4 RM · 4d ago on Sep 27, 2026· 44m 1s· 8 players
Game mode
Random Map
Map size
Huge
Population
200
Speed
Normal
Resources
Standard
Victory
Conquest
Starting age
Dark Age
Ending age
Imperial Age
RankedLock teamsTeams togetherTeam positionsShared explorationLock speedFull tech treeHidden civsTurbo modeCheats
Victory
Defeat
🇦🇷 Persians · Argentina
1187
+16
🇦🇷 Maya · Argentina
1186
+16
🇧🇷 Burgundians · Brazil
1154
+17
🇮🇹 Celts · Italy
1147
+17
🇭🇰 Danes · Hong Kong SAR China
1225
-19
🇭🇰 Varangians · Hong Kong SAR China
1171
-16
🇨🇳 Bengalis · China
1164
-16
🇨🇳 Persians · China
1142
-15
Tikka Masala
8:24 Feudal Age
9:37 Double-Bit Axe
12:11 Castle Age
10:46 Horse Collar
13:56 Bow Saw
16:12 Loom
18:43 Gold Mining
28:38 Scale Mail Armor
29:32 Wheelbarrow
29:45 Stronghold
30:56 Chain Mail Armor
37:25 Imperial Age
36:48 Heavy Plow
37:54 Forging
37:33 Elite Woad Raider
39:21 Conscription
39:14 Furor Celtica
43:23 Heavy Scorpion
MAXPOWER
7:37 Feudal Age
8:47 Double-Bit Axe
11:38 Castle Age
9:26 Horse Collar
13:00 Bow Saw
14:10 Heavy Plow
17:33 Loom
17:54 Gold Mining
19:25 Town Watch
20:26 Wheelbarrow
23:16 Hand Cart
24:01 Scale Barding Armor
24:06 Forging
25:53 Gold Shaft Mining
25:09 Stone Mining
28:29 Imperial Age
28:41 Chain Barding Armor
28:31 Forging
29:12 Stone Shaft Mining
29:08 Conscription
30:06 Two-Man Saw
29:38 Crop Rotation
30:12 Plate Barding Armor
30:24 Town Patrol
30:54 Elite War Elephant
32:11 Iron Casting
33:32 Chemistry
34:34 Blast Furnace
43:16 Caravan
43:27 Guilds
miguelon01
5:33 Double-Bit Axe
5:31 Horse Collar
7:54 Gold Mining
10:17 Feudal Age
13:52 Castle Age
12:44 Bow Saw
14:31 Gold Shaft Mining
15:25 Wheelbarrow
20:08 Scale Mail Armor
20:19 Forging
29:24 Loom
30:56 Scale Barding Armor
30:54 Husbandry
35:15 Imperial Age
32:31 Light Cavalry
33:54 Chain Barding Armor
35:23 Iron Casting
36:09 Hand Cart
36:57 Two-Man Saw
36:10 Cavalier
37:34 Heavy Plow
38:11 Fortified Wall
39:42 Crop Rotation
39:12 Stone Mining
39:23 Hussar
41:32 Plate Barding Armor
DGHIR | Dark20
7:30 Feudal Age
9:13 Loom
12:15 Castle Age
10:02 Double-Bit Axe
10:13 Horse Collar
12:01 Fletching
12:12 Padded Archer Armor
13:06 Bow Saw
15:32 Wheelbarrow
16:35 Bodkin Arrow
16:55 Bodkin Arrow
18:11 Town Watch
20:28 Heavy Plow
23:04 Hand Cart
27:23 Imperial Age
25:00 Gold Mining
25:02 Stone Mining
26:44 Ballistics
26:52 Murder Holes
27:59 Leather Archer Armor
28:35 Conscription
28:26 Bracer
29:27 Chemistry
29:19 Ring Archer Armor
29:00 Masonry
31:16 Sappers
32:50 Sanctity
33:18 Pikeman
33:58 Squires
33:47 Halberdier
34:30 Scale Mail Armor
34:40 Forging
34:48 Elite Plumed Archer
36:16 Chain Mail Armor
36:37 Iron Casting
38:58 Hoardings
39:28 Plate Mail Armor
39:59 Blast Furnace
41:24 Herbal Medicine
42:37 Crop Rotation
43:08 Two-Man Saw
42:56 Stone Shaft Mining
marskit
8:30 Feudal Age
12:04 Castle Age
11:26 Scale Barding Armor
11:32 Forging
12:28 Double-Bit Axe
14:14 Chain Barding Armor
14:15 Loom
14:17 Horse Collar
31:56 Imperial Age
30:00 Heavy Plow
39:36 Conscription
40:25 Vendel Legacy
42:40 Gothikon
棒棒糖
8:44 Feudal Age
12:50 Castle Age
10:41 Horse Collar
10:54 Double-Bit Axe
12:46 Horse Collar
15:24 Wheelbarrow
16:15 Bow Saw
20:47 Gold Mining
20:46 Loom
27:42 Imperial Age
26:58 Padded Archer Armor
26:48 Fletching
27:32 Heavy Plow
27:47 Forging
27:40 Murder Holes
27:53 Squires
27:40 Arson
27:59 Elite Skirmisher
28:03 Elite Elephant Archer
29:11 Conscription
31:13 Crossbowman
31:57 Bodkin Arrow
32:18 Leather Archer Armor
33:18 Arrowslits
33:54 Ballistics
33:25 Heated Shot
33:42 Bracer
34:13 Ring Archer Armor
35:31 Iron Casting
37:08 Two-Man Saw
37:52 Blast Furnace
36:53 Scale Mail Armor
39:05 Two-Man Saw
40:57 Caravan
帝国种田大户
7:58 Feudal Age
12:13 Castle Age
10:01 Double-Bit Axe
13:39 Horse Collar
14:42 Bow Saw
16:11 Heavy Plow
18:31 Wheelbarrow
26:41 Imperial Age
24:29 Hand Cart
24:53 Gold Mining
24:53 Stone Mining
27:06 Scale Barding Armor
28:32 Conscription
28:03 Elite War Elephant
28:10 Elite War Elephant
29:58 Chain Barding Armor
31:26 Crop Rotation
31:39 Plate Barding Armor
32:42 Two-Man Saw
35:25 Forging
36:59 Iron Casting
38:05 Hoardings
37:44 Citadels
39:04 Pikeman
40:18 Halberdier
41:15 Scale Mail Armor
43:43 Chain Mail Armor
44:29 Blast Furnace
TOXIC18
7:49 Feudal Age
9:21 Wheelbarrow
11:53 Castle Age
9:45 Double-Bit Axe
9:42 Horse Collar
12:47 Scale Mail Armor
16:38 Arson
18:43 Squires
18:31 Gambesons
19:02 Chain Mail Armor
21:08 Bow Saw
21:39 Forging
26:09 Loom
31:32 Heavy Plow
35:33 Imperial Age
33:30 Hand Cart
39:04 Elite Varangian Guard
40:54 Plate Mail Armor
41:40 Iron Casting
40:33 Hamask
43:29 Blast Furnace
41:59 Pikeman
42:37 Halberdier
Connection lost

Rejoining the realm…

Still unreachable

The connection could not be restored.

Session expired

The server has moved on; the page needs a fresh start.